 Dungeon Crawl Stone Soup version 0.28.0-43-g3370ac3207 (webtiles) character file.

Game seed: 5801758750698800408

63 pkoi the Ruffian (level 3, -5/31 HPs)
             Began as a Troll Earth Elementalist on Mar 18, 2022.
             Slain by Sigmund
             ... wielding a +0 scythe
              (9 damage)
             ... on level 3 of the Dungeon.
             The game lasted 00:01:27 (1245 turns).

pkoi the Ruffian (Troll Earth Elementalist)         Turns: 1245, Time: 00:01:27

Health: -5/31      AC:  4    Str: 16    XL:     3   Next: 87%
Magic:  3/3        EV:  9    Int: 13    God:
Gold:   95         SH:  0    Dex: 10    Spells: 1/4 levels left

rFire   . . .      SeeInvis .     - Unarmed
rCold   . . .      Faith    .   (no shield)
rNeg    . . .      Spirit   .   b - +0 robe
rPois   .          Reflect  .   (helmet restricted)
rElec   .          Harm     .   (no cloak)
rCorr   .          Rampage  .   (gloves unavailable)
Will    .....                   (boots unavailable)
Stlth   +.........              (no amulet)
HPRegen 0.90/turn               (no ring)
MPRegen 0.08/turn               (no ring)

@: no status effects
A: large, unfitting armour, claws 3, regeneration 1, shaggy fur 1, tough skin 1
a: no special abilities


You were on level 3 of the Dungeon.
You visited 1 branch of the dungeon, and saw 3 of its levels.

You collected 95 gold pieces.

Inventory:

Missiles
 c - 143 stones
Armour
 b - a +0 robe (worn)
Scrolls
 d - 3 scrolls of identify {unknown}
 g - a scroll of magic mapping {unknown}
Potions
 a - 2 potions of haste
 e - 2 potions of curing {unknown}
 f - a potion of resistance {unknown}
 h - a potion of might {unknown}


   Skills:
 - Level 1.5 Dodging
 - Level 1.0 Stealth
 * Level 3.2 Unarmed Combat
 - Level 1.2 Spellcasting
 - Level 1.0 Transmutations
 - Level 2.9 Earth Magic


You had one spell level left.
You knew the following spells:

 Your Spells              Type           Power      Damage    Failure   Level
a - Sandblast             Erth           16%        2d6       9%          1
b - Passwall              Tmut/Erth      4%         N/A       19%         2

Your spell library contained the following spells:

 Spells                   Type           Power      Damage    Failure   Level
 Stone Arrow              Conj/Erth      8%         3d7       41%         3
 Petrify                  Tmut/Erth      5%         N/A       77%         4


Dungeon Overview and Level Annotations

Branches:
Dungeon (3/15)

Altars:

Annotations:
D:3 Sigmund


Innate Abilities, Weirdness & Mutations

You are too large for most types of armour.
You have claws for hands.
Your natural rate of healing is unusually fast.
You are covered in fur. (AC +1)
You have tough skin. (AC +1)


Message History

Sigmund is moderately wounded.
You barely miss Sigmund. Your claw misses Sigmund.
Sigmund is moderately wounded.
Sigmund drinks a potion.
Sigmund seems to speed up.
You claw Sigmund!
Sigmund is heavily wounded.
Sigmund hits you with a +0 scythe.
You barely miss Sigmund.
Sigmund is heavily wounded.
Sigmund hits you with a +0 scythe.
You closely miss Sigmund.
Sigmund is heavily wounded.
Sigmund casts a spell at you. The puff of flame hits you!
* * * LOW HITPOINT WARNING * * *
Sigmund hits you with a +0 scythe.
* * * LOW HITPOINT WARNING * * *
You completely miss Sigmund.
Sigmund is heavily wounded.
Sigmund hits you with a +0 scythe!
* * * LOW HITPOINT WARNING * * *
Unknown command.
You scratch Sigmund.
Sigmund is heavily wounded.
Sigmund barely misses you.
Unknown command.
You scratch Sigmund but do no damage.
Sigmund is heavily wounded.
Sigmund completely misses you.
Unknown command.
You closely miss Sigmund.
Sigmund is heavily wounded.
Unknown command.
You scratch Sigmund.
Sigmund is severely wounded.
Sigmund gestures at you while chanting. The puff of flame hits you!
* * * LOW HITPOINT WARNING * * *
Sigmund hits you with a +0 scythe!
You die...

######
.....#
####.....#
#..@.....#
#.#@.....#
#
#....#...
###### #


You could see Sigmund (fast).

Vanquished Creatures
  2 adders (D:2)
  2 dart slugs
  3 ball pythons (D:1)
  6 bats
  5 endoplasms
  A giant cockroach (D:1)
  3 goblins
  2 hobgoblins (D:1)
  3 quokkas
  4 frilled lizards
  5 kobolds
  4 rats
40 creatures vanquished.

Vanquished Creatures (others)
  5 toadstools (D:1)
5 creatures vanquished.

Grand Total: 45 creatures vanquished

Notes
Turn   | Place    | Note
-------+----------+-------------------------------------------
     0 | D:1      | pkoi the Troll Earth Elementalist began the quest for the
                  | Orb.
     0 | D:1      | Reached XP level 1. HP: 16/16 MP: 1/1
    40 | D:1      | Reached skill level 1 in Unarmed Combat
   175 | D:1      | Reached XP level 2. HP: 24/24 MP: 2/2
   217 | D:1      | Learned a level 2 spell: Passwall
   294 | D:1      | Reached skill level 2 in Unarmed Combat
   644 | D:1      | Reached XP level 3. HP: 31/31 MP: 3/3
   805 | D:2      | Reached skill level 1 in Transmutations
   814 | D:2      | Found a faded altar of an unknown god.
   987 | D:2      | Reached skill level 3 in Unarmed Combat
  1235 | D:3      | Noticed Sigmund
  1245 | D:3      | Slain by Sigmund

Illustrated notes

Levels and vault maps discovered:
D:1:      ldierk_walled_garden, layout_basic, minmay_tripent
D:2:      layout_rooms, hellmonk_ecumenical_altar_lost_god
D:3:      kennysheep_slugbush, layout_basic,
          mainiacjoe_overflow_small_starburst, minmay_ogre_servants,
          uniq_terence, uniq_crazy_yiuf_cottage, uniq_sigmund

Skill      XL: |  1  2  3 |
---------------+----------+-----
Unarmed Combat | 1 2 3 |  3.2
Transmutations | 1 |  1.0
Dodging        | |  1.5
Stealth        | |  1.0
Spellcasting   | |  1.2
Earth Magic    | |  2.9

Action                   || total
-------------------------++-------
Melee: Unarmed           ||   117
       Punch             ||     1
 Stab: Sleeping          ||     3
Armor: Robe              ||    66
Dodge: Dodged            ||    57
